 Dungeon Crawl Stone Soup version 0.17.0-17-ge4ba49f (console) character file.

60 Kloppie the Skirmisher (level 4, 0/24 HPs)
             Began as a Vine Stalker Fighter on Nov 11, 2015.
             Slain by a worker ant (3 damage)
             ... on level 3 of the Dungeon.
             The game lasted 00:03:42 (2347 turns).

Kloppie the Skirmisher (Vine Stalker Fighter)       Turns: 2347, Time: 00:03:42

Health: 0/24       AC:  6    Str: 25    XL:     4   Next: 6%
Magic:  0/8        EV:  7    Int:  8    God:
Gold:   107        SH:  9    Dex: 13    Spells: 0 memorised, 7 levels left

rFire  . . .     SeeInvis .     a - +0 rapier
rCold  . . .     Clarity  .     n - +0 scale mail
rNeg   . . .     SustAt   .     c - +0 shield
rPois  .         Gourm    .     (no helmet)
rElec  .         Spirit   +     (no cloak)
rCorr  .         Warding  .     (no gloves)
rMut   .         Stasis   .     (no boots)
MR     .....                    (no amulet)
Stlth  ..........               (no ring)
                                (no ring)

@: mighty, lethally poisoned (0 -> -2), not resistant to hostile enchantments,
extremely unstealthy
A: fangs 2, regeneration 1, magic shield, antimagic bite, no device heal 3, rot
immunity
a: no special abilities


You were on level 3 of the Dungeon.
You were hungry.

You visited 1 branch of the dungeon, and saw 4 of its levels.

You collected 107 gold pieces.

Inventory:

Hand Weapons
 a - a +0 rapier (weapon)
 b - a +0 blowgun
Missiles
 o - 30 poisoned needles
Armour
 c - a +0 shield (worn)
 n - a +0 scale mail (worn)
Scrolls
 f - a scroll of immolation {unknown}
 g - a scroll of fog {unknown}
 i - 2 scrolls of amnesia {unknown}
 j - a scroll of enchant armour {unknown}
Potions
 l - a potion of magic {unknown}
 m - a potion of agility {unknown}
Comestibles
 e - 2 bread rations
 h - a meat ration
 k - 4 fruits


   Skills:
 + Level 3.1 Fighting
 + Level 2.6 Short Blades
 - Level 2.4 Armour
 - Level 2.6 Shields
 + Level 2.0 Spellcasting


You had 7 spell levels left.
You didn't know any spells.

Dungeon Overview and Level Annotations

Branches:
Dungeon (4/15)
 Temple: D:4-7

Altars:
Ashenzari
Fedhas
Nemelex Xobeh
Ru

Annotations:
D:4 Sigmund


Innate Abilities, Weirdness & Mutations

You have extremely sharp teeth.
Your natural rate of healing is unusually fast.
When hurt, damage is shared between your health and your magic reserves.
Your bite disrupts and absorbs the magic of your enemies.
Potions and wands cannot restore your health.
You are immune to rotting.


Message History

You climb upwards.
You feel sick.
There is a stone staircase leading down here.
Drink which item? (? for menu, Esc to quit)
You feel very mighty all of a sudden.
You feel sick. You block the worker ant's attack.
The giant gecko bites you but does no damage.
You block the worker ant's attack.
You barely miss the worker ant. Your bite misses the worker ant.
The worker ant is severely wounded.
You feel sick. The giant gecko closely misses you.
You block the worker ant's attack.
You closely miss the worker ant. Your bite misses the worker ant.
The worker ant is severely wounded.
The giant gecko closely misses you. You block the worker ant's attack.
You block the giant gecko's attack.
You closely miss the worker ant. Your bite misses the worker ant.
The worker ant is severely wounded.
You feel sick. The worker ant barely misses you.
You block the giant gecko's attack. The worker ant bites you.
You die...

.##.....#####.# #.##...# #...#
..........#
#.###(##...###⌠.⌠##
.###.#.##.#
#.............._..### ##
##.###.# ##...###...###⌠.⌠.÷..
#.###.## #.........####..###.
#.##.(.###...............# #.
#....#......######.#####.# #.
#.##...####.## #.# #.# #.
#.###)####..@#####.# #.# #.
### #.# #.......al.....# #.#
#. #.###.# ######...####..#
#.# #. .#.##.## ##.## #†.# #.#
#.
###....########.#####..#####.#
#.
.#.#.†.......................#
#.
................##############
## ...############## ####


You could see a worker ant and a giant gecko.

Vanquished Creatures
  An adder (D:3)
  A worm (D:2)
  3 giant geckos (D:3)
  5 bats
  3 giant cockroaches
  9 goblins
  3 hobgoblins
  2 jackals (D:2)
  9 giant newts
  3 kobolds
  10 rats
49 creatures vanquished.

Notes
Turn   | Place    | Note
--------------------------------------------------------------
     0 | D:1      | Kloppie the Vine Stalker Fighter began the quest for the Orb.
     0 | D:1      | Reached XP level 1. HP: 11/11 MP: 2/2
   674 | D:1      | Reached XP level 2. HP: 16/16 MP: 3/3
   786 | D:2      | Reached skill level 1 in Spellcasting
  1013 | D:2      | Reached skill level 3 in Fighting
  1275 | D:2      | Reached XP level 3. HP: 20/20 MP: 6/6
  1539 | D:2      | Found a blossoming altar of Fedhas.
  1721 | D:3      | Found a sparkling altar of Nemelex Xobeh.
  1954 | D:3      | Found a shattered altar of Ashenzari.
  1982 | D:3      | Found a sacrificial altar of Ru.
  2203 | D:3      | Reached XP level 4. HP: 20/24 MP: 6/8
  2295 | D:4      | Noticed Sigmund
  2347 | D:3      | Slain by a worker ant

Action                   |  1- 3 |  4- 6 || total
-------------------------+-------+-------++-------
Melee: Rapier            |   147 |    18 ||   165
  Use: Potion            |       |     1 ||     1
  Eat: Chunk             |     4 |       ||     4
